 Dungeon Crawl Stone Soup version 0.20.0-15-g7f486f2 (webtiles) character file.

30 renl the Charmwright (level 3, 0/30 HPs)
             Began as a Draconian Skald on June 22, 2017.
             Slain by a goblin
             ... wielding a +0 dagger
             ... led by Robin
              (2 damage)
             ... on level 2 of the Dungeon.
             The game lasted 00:03:24 (519 turns).

renl the Charmwright (Draconian Skald)               Turns: 519, Time: 00:03:25

Health: 0/30       AC:  5    Str: 13    XL:     3   Next: 3%
Magic:  0/6        EV: 12    Int: 14    God:
Gold:   28         SH:  0    Dex: 10    Spells: 5/6 levels left

rFire    . . .     SeeInvis .   a - +0 mace
rCold    . . .     Gourm    .   (no shield)
rNeg     . . .     Faith    .   (armour unavailable)
rPois    .         Spirit   +   (helmet restricted)
rElec    .         Reflect  .   e - scarf {Spirit}
rCorr    .         Harm     .   (no gloves)
MR       .....                  (no boots)
Stlth    +.........             (no amulet)
Regen    0.1/turn               (no ring)
MPRegen  0.1/turn               (no ring)

@: infused (expiring)
A: unfitting armour, cold-blooded, AC +5
a: no special abilities


You were on level 2 of the Dungeon.
You were not hungry.

You visited 1 branch of the dungeon, and saw 2 of its levels.

You collected 28 gold pieces.

Inventory:

Hand Weapons
 a - a +0 mace (weapon)
 j - a +0 whip
Armour
 e - a scarf of spirit shield (worn)
Scrolls
 d - a scroll of random uselessness {unknown}
 f - a scroll of blinking {unknown}
 g - a scroll of identify {unknown}
 i - a scroll of remove curse {unknown}
Books
 b - a book of Battle

   Spells                             Type                      Level
   a - Infusion                       Charms                       1
   b - Shroud of Golubria             Charms/Translocation         2
   c - Song of Slaying                Charms                       2
   d - Spectral Weapon                Hexes/Charms                 3
   e - Regeneration                   Charms/Necromancy            3
Comestibles
 c - 2 bread rations
 h - a meat ration


   Skills:
 + Level 2.3 Fighting
 + Level 2.1 Maces & Flails
 + Level 2.2 Dodging
 + Level 2.2 Spellcasting
 * Level 3.4 Charms


You had 5 spell levels left.
You knew the following spells:

 Your Spells              Type           Power        Failure   Level  Hunger
a - Infusion              Chrm           ##..         5%          1    #......


Dungeon Overview and Level Annotations

Branches:
Dungeon (2/15)

Altars:


Innate Abilities, Weirdness & Mutations

Your plain brown scales are hard. (AC +5)
You cannot fit into any form of body armour.
You are cold-blooded and may be slowed by cold attacks.


Message History

You have reached level 3!
Your experience leads to an increase in your attributes!
Increase (S)trength, (I)ntelligence, or (D)exterity?
You feel clever.
Your scales feel tougher.
The goblin shoots a stone.
The stone hits you but does no damage. The goblin closely misses you.
You closely miss the goblin.
The goblin shoots a stone.
The stone hits you but does no damage. The goblin barely misses you.
The goblin shoots a stone.
The stone completely misses you.
You closely miss the goblin. The goblin barely misses you.
The goblin shoots a stone.
The stone hits you but does no damage.
You hit the goblin.
You kill the goblin!
The goblin shoots a stone.
The stone hits you.
* * * LOW HITPOINT WARNING * * *
Your magical infusion is running out.
The goblin unwields an uncursed hunting sling.
The goblin wields an uncursed dagger.
The goblin hits you with an uncursed dagger.
You die...

.# ##### .# #...# .# #####...#
####.# #.....[.###[...# ##
##.#.##.........#)...#####
#####.
...$.....!.....g@(....(...
......
##g#.#......#.[.#)...##### #..
#......#...#....# #..
#......#####....# #.# #......#
###....##########.#
..<.....................††#..
.##.######.####.#.########.##.
#. .# #.#.# #..#. ##### ##.#.


You could see a goblin.

Vanquished Creatures
  An adder (D:2)
  2 leopard geckos (D:1)
  2 goblins (D:2)
  2 hobgoblins
  4 jackals (D:2)
  A quokka (D:2)
  2 frilled lizards (D:1)
  4 rats
18 creatures vanquished.

Notes
Turn   | Place    | Note
-------+----------+-------------------------------------------
     0 | D:1      | renl the Draconian Skald began the quest for the Orb.
     0 | D:1      | Reached XP level 1. HP: 17/17 MP: 3/3
   239 | D:1      | Reached skill level 3 in Charms
   405 | D:2      | Reached XP level 2. HP: 24/24 MP: 1/5
   515 | D:2      | Reached XP level 3. HP: 2/29 MP: 0/6
   519 | D:2      | Slain by a goblin

Skill      XL: |  1 |
---------------+----+-----
Charms         | 3 |  3.4
Fighting       | |  2.3
Maces & Flails | |  2.1
Dodging        | |  2.2
Spellcasting   | |  2.2

Action                   || total
-------------------------++-------
Melee: Mace              ||    59
       Tailslap          ||     4
 Cast: Infusion          ||     5
Armor: Skin              ||    25
Dodge: Dodged            ||    56
